AoeStats
← BigTontonP

Oasis

509922133Analyzed
2v2 RM · 5d ago on Sep 28, 2026· 86m 33s· 4 players
Game mode
Random Map
Map size
Medium (4 player)
Population
200
Speed
Normal
Resources
Standard
Victory
Conquest
Starting age
Dark Age
Ending age
Imperial Age
RankedLock teamsTeams togetherTeam positionsShared explorationLock speedFull tech treeHidden civsTurbo modeCheats
Victory
Defeat
🇩🇪 Franks · Germany
1324
+17
🇩🇪 Britons · Germany
1321
+17
🇫🇷 Franks · France
1340
-17
🇬🇧 Chinese · United Kingdom
1337
-17
Guwe-Fuckin'-Rotz
8:33 Loom
10:51 Feudal Age
15:55 Castle Age
14:46 Double-Bit Axe
15:32 Gold Mining
17:06 Bow Saw
20:11 Wheelbarrow
20:01 Stone Mining
21:06 Town Watch
24:15 Hand Cart
24:16 Fervor
28:53 Scale Barding Armor
28:58 Forging
30:27 Husbandry
33:18 Imperial Age
31:10 Chain Barding Armor
33:16 Iron Casting
33:11 Caravan
34:46 Plate Barding Armor
33:33 Cavalier
35:03 Paladin
36:45 Conscription
37:28 Blast Furnace
48:51 Chemistry
48:02 Masonry
49:19 Fletching
53:55 Architecture
53:06 Treadmill Crane
63:14 Bodkin Arrow
69:02 Town Patrol
69:58 Ballistics
76:44 Siege Engineers
76:55 Elite Throwing Axeman
78:11 Hoardings
81:20 Chivalry
86:04 Fortified Wall
85:49 Murder Holes
Tumirnix
5:05 Loom
11:43 Feudal Age
15:53 Castle Age
14:19 Double-Bit Axe
14:41 Horse Collar
17:33 Bow Saw
22:34 Fletching
23:12 Pikeman
23:55 Scale Mail Armor
26:03 Wheelbarrow
26:53 Chain Mail Armor
27:40 Forging
29:24 Bodkin Arrow
31:09 Town Watch
34:59 Imperial Age
33:15 Padded Archer Armor
33:44 Ballistics
34:34 Leather Archer Armor
35:44 Yeomen
36:05 Conscription
35:47 Bracer
36:50 Chemistry
38:47 Ring Archer Armor
37:49 Crossbowman
38:38 Elite Longbowman
39:00 Arbalester
40:33 Hand Cart
42:40 Caravan
47:48 Halberdier
48:28 Squires
49:54 Plate Mail Armor
50:01 Iron Casting
59:21 Ring Archer Armor
60:30 Blast Furnace
66:06 Gambesons
65:41 Man-at-Arms
66:07 Arson
71:20 Hoardings
71:40 Man-at-Arms
72:52 Warwolf
72:57 Treadmill Crane
73:28 Masonry
73:25 Siege Engineers
73:16 Murder Holes
75:06 Architecture
75:33 Cranequins
Saber
0:34 Loom
9:54 Feudal Age
10:21 Feudal Age
15:13 Castle Age
14:25 Double-Bit Axe
16:15 Wheelbarrow
15:34 Horse Collar
21:32 Bow Saw
22:42 Heavy Plow
26:43 Fletching
27:48 Bodkin Arrow
27:54 Padded Archer Armor
28:26 Hand Cart
27:58 Town Watch
27:59 Crossbowman
33:05 Imperial Age
31:10 Ballistics
31:10 Leather Archer Armor
33:08 Arbalester
33:53 Thumb Ring
34:15 Fortified Wall
35:08 Chemistry
34:11 Bracer
36:28 Conscription
35:57 Capped Ram
36:04 Elite Skirmisher
37:39 Ring Archer Armor
36:48 Siege Ram
38:53 Rocketry
38:34 Great Wall
44:18 Scale Mail Armor
44:28 Forging
48:06 Caravan
48:36 Coinage
50:26 Two-Man Saw
50:42 Banking
53:35 Chain Mail Armor
55:11 Plate Mail Armor
54:55 Masonry
54:40 Murder Holes
55:08 Bombard Tower
54:39 Guard Tower
55:59 Iron Casting
56:54 Pikeman
57:40 Squires
57:25 Arson
57:40 Halberdier
60:19 Blast Furnace
66:23 Architecture
66:49 Elite Chu Ko Nu
BigTontonP
5:27 Loom
11:14 Feudal Age
15:46 Castle Age
13:56 Double-Bit Axe
14:47 Scale Barding Armor
15:38 Forging
22:24 Wheelbarrow
23:51 Husbandry
27:22 Chain Barding Armor
33:13 Stone Mining
33:14 Gold Mining
35:11 Hand Cart
38:52 Imperial Age
37:06 Town Watch
39:42 Caravan
40:00 Cavalier
41:17 Plate Barding Armor
42:42 Paladin
45:33 Iron Casting
48:51 Light Cavalry
62:54 Blast Furnace
65:36 Coinage
69:10 Scale Mail Armor
69:01 Fletching
69:12 Padded Archer Armor
70:02 Conscription
69:03 Ordonnance Companies
69:35 Pikeman
70:16 Squires
71:12 Chain Mail Armor
70:19 Halberdier
74:44 Plate Mail Armor
78:53 Arson
78:53 Gambesons
Connection lost

Rejoining the realm…

Still unreachable

The connection could not be restored.

Session expired

The server has moved on; the page needs a fresh start.